 Dungeon Crawl Stone Soup version 0.23.2-1-ga50397a (webtiles) character file.

Game seed: 12215932420734163843

91 IBeShadow the Firebug (level 4, 0/24 HPs)
             Began as a Deep Elf Fire Elementalist on May 30, 2019.
             Slain by a gnoll shaman
             ... wielding a +0 whip
              (5 damage)
             ... on level 3 of the Dungeon.
             The game lasted 00:03:38 (2901 turns).

IBeShadow the Firebug (Deep Elf Fire Elementalist)  Turns: 2901, Time: 00:03:39

Health: 0/24       AC:  5    Str:  5    XL:     4   Next: 33%
Magic:  4/11       EV:  7    Int: 21    God:
Gold:   65         SH:  0    Dex: 15    Spells: 7/10 levels left

rFire    . . .     SeeInvis .   d - +0 short sword (curse)
rCold    . . .     Gourm    +   (no shield)
rNeg     . . .     Faith    .   a - +0 robe
rPois    .         Spirit   .   (no helmet)
rElec    .         Reflect  .   (no cloak)
rCorr    .         Harm     .   (no gloves)
MR       .....                  g - +2 pair of boots
Stlth    ++........             i - amulet of the gourmand
HPRegen  0.08/turn              (no ring)
MPRegen  0.12/turn              (no ring)

@: held
A: no striking features
a: no special abilities


You were on level 3 of the Dungeon.
You were not hungry.

You visited 1 branch of the dungeon, and saw 3 of its levels.

You collected 65 gold pieces.

Inventory:

Hand Weapons
 d - a cursed +0 short sword (weapon)
Armour
 a - a +0 robe (worn)
 g - a +2 pair of boots (worn)
Jewellery
 i - an amulet of the gourmand (around neck)
Wands
 m - a wand of iceblast (2)
Scrolls
 e - a scroll of fog {unknown}
 f - 2 scrolls of identify {unknown}
 j - a scroll of teleportation {unknown}
 k - a scroll of amnesia {unknown}
Potions
 b - a potion of curing {unknown}
 h - a potion of flight {unknown}
 l - 2 potions of magic {unknown}
 n - a potion of cancellation {unknown}
 o - 2 potions of might {unknown}
 p - a potion of lignification {unknown}
 q - a potion of heal wounds {unknown}
Comestibles
 c - 2 rations


   Skills:
 + Level 0.7 Fighting
 + Level 1.1 Short Blades
 + Level 3.1 Dodging
 + Level 3.6 Stealth
 + Level 0.1 Unarmed Combat
 + Level 3.6 Spellcasting
 + Level 1.4 Conjurations
 + Level 3.7 Fire Magic
 + Level 0.1 Evocations


You had 7 spell levels left.
You knew the following spells:

 Your Spells              Type           Power        Failure   Level  Hunger
a - Flame Tongue          Conj/Fire      ##...        4%          1    None
b - Throw Flame           Conj/Fire      ##....       6%          2    ##.....

Your spell library contained the following spells:

 Spells                   Type           Power        Failure   Level  Hunger
 Conjure Flame            Conj/Fire      ##......     13%         3    ###....
 Inner Flame              Hex/Fire       ##......     17%         3    ###....
 Sticky Flame             Conj/Fire      ##......     38%         4    ####...
 Fireball                 Conj/Fire      ##........   75%         5    ######.


Dungeon Overview and Level Annotations

Branches:
Dungeon (3/15)

Altars:
Ashenzari
Kikubaaqudgha
Qazlal


Message History

The gnoll barely misses you.
The gnoll throws a throwing net.
The throwing net hits you.
You become entangled in the net!
The gnoll completely misses you.
You can't do that while held in a net.
The gnoll closely misses you. The gnoll hits you but does no damage.
You struggle against the net.
The gnoll closely misses you. The gnoll shaman misses you.
The gnoll hits you from afar with a +0 spear.
You struggle against the net.
The gnoll hits you from afar with a cursed -1 spear!
Ouch! That really hurt!
The gnoll shaman hits you with a +0 whip.
* * * LOW HITPOINT WARNING * * *
The gnoll hits you but does no damage. x2; The gnoll closely misses you.
The gnoll hits you but does no damage.
You struggle against the net.
The gnoll hits you from afar with a cursed -1 spear.
* * * LOW HITPOINT WARNING * * *
The gnoll shaman hits you with a +0 whip.
You die...

#### ###...##
......#
♣....# PP[..#
♣P...#####
♣♣.P@....#
♣...gg...#
♣..ggg...#
#..........#
####.......#
.........)..
..........###
...........#
##.#....%..#


You could see a gnoll shaman and 4 gnolls.

Vanquished Creatures
  A gnoll (D:3)
  2 adders
  An ooze (D:2)
  2 worms (D:2)
  A dart slug (D:1)
  2 leopard geckos (D:1)
  7 giant cockroaches
  4 goblins (D:2)
  3 hobgoblins (D:2)
  3 jackals (D:1)
  3 quokkas
  A ball python (D:1)
  6 bats
  3 frilled lizards (D:2)
  4 kobolds (D:1)
  4 rats
47 creatures vanquished.

Notes
Turn   | Place    | Note
-------+----------+-------------------------------------------
     0 | D:1      | IBeShadow the Deep Elf Fire Elementalist began the quest
                  | for the Orb.
     0 | D:1      | Reached XP level 1. HP: 10/10 MP: 6/6
   471 | D:1      | Reached XP level 2. HP: 13/15 MP: 8/8
  1069 | D:2      | Learned a level 2 spell: Throw Flame
  1073 | D:1      | Reached XP level 3. HP: 20/20 MP: 4/9
  1461 | D:2      | Reached skill level 1 in Short Blades
  2364 | D:2      | Found a stormy altar of Qazlal.
  2365 | D:2      | Found a shattered altar of Ashenzari.
  2641 | D:2      | Reached XP level 4. HP: 22/24 MP: 11/11
  2771 | D:2      | Found an ancient bone altar of Kikubaaqudgha.
  2901 | D:3      | Slain by a gnoll shaman

Skill      XL: |  1  2  3 |
---------------+----------+-----
Stealth        | 3 |  3.6
Dodging        | 3 |  3.1
Short Blades   | 1 |  1.1
Fighting       | |  0.7
Unarmed Combat | |  0.1
Spellcasting   | |  3.6
Conjurations   | |  1.4
Fire Magic     | |  3.7
Evocations     | |  0.1

Action                   |  1- 3 |  4- 6 || total
-------------------------+-------+-------++-------
Melee: Short sword       |   123 |    31 ||   154
       Unarmed           |     7 |       ||     7
 Cast: Flame Tongue      |    19 |     1 ||    20
       Throw Flame       |    18 |     4 ||    22
Evoke: Wand              |     1 |       ||     1
 Stab: Sleeping          |    12 |     2 ||    14
  Eat: Chunk             |    12 |     1 ||    13
Armor: Robe              |    46 |    18 ||    64
Dodge: Dodged            |   110 |    38 ||   148
